AoeStats
← ska_18

Black Forest

506409044Analyzed
3v3 RM · 18d ago on Sep 13, 2026· 54m 41s· 6 players
Game mode
Random Map
Map size
Normal (6 player)
Population
200
Speed
Normal
Resources
Standard
Victory
Conquest
Starting age
Dark Age
Ending age
Imperial Age
RankedLock teamsTeams togetherTeam positionsShared explorationLock speedFull tech treeHidden civsTurbo modeCheats
Victory
Defeat
🇨🇿 Inca · Czechia
898
+14
🇦🇹 Saracens · Austria
887
+14
🇨🇳 Turks · China
883
+14
🇹🇷 Bohemians · Türkiye
849
-14
🇺🇸 Lithuanians · United States
843
-14
🇹🇷 Hindustanis · Türkiye
842
-14
jkjunkmailreader
0:29 Loom
11:10 Feudal Age
11:43 Double-Bit Axe
11:47 Horse Collar
19:52 Castle Age
18:25 Stone Mining
19:06 Gold Mining
20:48 Bow Saw
21:19 Heavy Plow
30:41 Imperial Age
28:18 Fletching
29:00 Pikeman
29:41 Squires
29:57 Fortified Wall
30:11 Forging
30:52 Wheelbarrow
30:29 Treadmill Crane
31:24 Caravan
31:27 Bodkin Arrow
33:44 Chemistry
32:56 Masonry
32:51 Husbandry
34:10 Iron Casting
33:33 Arson
35:10 Two-Man Saw
36:24 Halberdier
37:18 Scale Barding Armor
37:14 Bracer
37:14 Scale Mail Armor
38:05 Conscription
38:20 Scale Mail Armor
39:09 Guilds
40:12 Chain Barding Armor
40:28 Elite Leitis
43:04 Chain Mail Armor
44:26 Hoardings
46:23 Bloodlines
46:52 Plate Barding Armor
46:31 Crossbowman
48:48 Tower Shields
50:37 Architecture
50:29 Ballistics
50:44 Thumb Ring
51:05 Town Watch
51:38 Hand Cart
Genzo
6:47 Loom
10:30 Feudal Age
11:23 Double-Bit Axe
11:24 Horse Collar
18:47 Castle Age
17:16 Gold Mining
17:16 Stone Mining
19:01 Forging
18:56 Scale Barding Armor
20:25 Bloodlines
20:24 Husbandry
21:00 Bow Saw
24:40 Heavy Plow
30:45 Imperial Age
29:23 Elite Skirmisher
31:51 Conscription
31:11 Heavy Camel Rider
32:41 Wheelbarrow
33:30 Iron Casting
33:16 Chain Barding Armor
32:49 Fletching
33:02 Padded Archer Armor
33:42 Imperial Camel Rider
37:47 Two-Man Saw
39:20 Hand Cart
40:48 Thumb Ring
43:44 Chemistry
43:05 Ballistics
43:11 Conscription
44:35 Heavy Cavalry Archer
48:24 Caravan
49:59 Blast Furnace
49:34 Plate Barding Armor
48:56 Bodkin Arrow
49:17 Leather Archer Armor
D21
0:36 Loom
9:53 Loom
12:13 Feudal Age
17:42 Padded Archer Armor
24:27 Castle Age
23:03 Double-Bit Axe
25:12 Elite Skirmisher
25:15 Crossbowman
28:39 Imperial Age
26:30 Pikeman
28:28 Wheelbarrow
28:34 Leather Archer Armor
28:09 Fletching
28:10 Horse Collar
32:30 Chemistry
42:11 Ring Archer Armor
50:35 Bodkin Arrow
ska_18
0:58 Loom
14:00 Feudal Age
16:26 Double-Bit Axe
19:53 Castle Age
17:35 Horse Collar
18:03 Gold Mining
19:06 Stone Mining
19:55 Wheelbarrow
21:03 Wheelbarrow
22:02 Bow Saw
24:48 Town Watch
27:41 Hand Cart
28:07 Fervor
28:18 Sanctity
27:59 Heavy Plow
28:36 Gold Shaft Mining
28:32 Forging
28:13 Fletching
30:00 Iron Casting
29:33 Scale Barding Armor
31:34 Caravan
34:23 Imperial Age
32:41 Bodkin Arrow
33:07 Chain Barding Armor
36:23 Chemistry
35:04 Treadmill Crane
35:20 Murder Holes
35:36 Masonry
36:03 Plate Barding Armor
35:56 Conscription
37:04 Blast Furnace
36:07 Husbandry
37:33 Hoardings
37:08 Bimaristan
37:29 Town Patrol
37:48 Bloodlines
36:58 Light Cavalry
38:44 Siege Engineers
40:17 Two-Man Saw
39:24 Bracer
39:29 Scale Mail Armor
39:31 Squires
39:17 Arson
39:00 Pikeman
39:33 Gambesons
40:23 Hussar
41:37 Coinage
41:42 Chain Mail Armor
42:34 Ballistics
42:24 Fortified Wall
41:37 Elite Mameluke
45:47 Banking
47:52 Plate Mail Armor
46:45 Heavy Camel Rider
Dzahy
0:33 Loom
10:43 Feudal Age
11:28 Double-Bit Axe
14:30 Horse Collar
19:23 Castle Age
18:26 Stone Mining
18:27 Gold Mining
20:28 Heavy Plow
20:45 Bow Saw
25:33 Stone Shaft Mining
25:34 Gold Shaft Mining
26:34 Wheelbarrow
31:28 Imperial Age
31:14 Scale Mail Armor
31:24 Forging
31:58 Hand Cart
31:46 Elite Kamayuk
33:00 Caravan
34:09 Conscription
36:13 Chemistry
36:21 Iron Casting
36:01 Chain Mail Armor
38:23 Town Watch
40:50 Blast Furnace
40:20 Plate Mail Armor
磐石
0:29 Loom
15:21 Feudal Age
19:34 Castle Age
17:56 Double-Bit Axe
17:58 Horse Collar
26:01 Imperial Age
24:30 Fletching
25:45 Stone Mining
30:27 Conscription
38:29 Wheelbarrow
43:01 Bloodlines
42:15 Heavy Camel Rider
43:00 Heavy Plow
43:15 Bow Saw
44:30 Bodkin Arrow
44:36 Padded Archer Armor
46:16 Caravan
48:21 Hand Cart
51:02 Scale Barding Armor
51:08 Forging
51:55 Husbandry
Connection lost

Rejoining the realm…

Still unreachable

The connection could not be restored.

Session expired

The server has moved on; the page needs a fresh start.